 Dungeon Crawl Stone Soup version 0.18.1-50-g88ac8fd (webtiles) character file.

54 protoss039 the Shield-Bearer (level 3, 0/24 HPs)
             Began as a Gargoyle Fighter on Feb 7, 2017.
             Slain by Ijyb
             ... wielding a +0 club
              (1 damage)
             ... on level 3 of the Dungeon.
             The game lasted 00:01:51 (1012 turns).

protoss039 the Shield-Bearer (Gargoyle Fighter)     Turns: 1012, Time: 00:01:52

Health: 0/24       AC: 10    Str: 25    XL:     3   Next: 91%
Magic:  3/3        EV:  7    Int:  8    God:
Gold:   69         SH: 10    Dex:  9    Spells: 0 memorised, 2 levels left

rFire  . . .     SeeInvis .     a - +0 flail
rCold  . . .     Gourm    .     b - +0 scale mail
rNeg   + . .     Faith    .     c - +0 shield
rPois  ∞         Spirit   .     (no helmet)
rElec  +         Dismiss  .     (no cloak)
rCorr  .         Reflect  .     (no gloves)
SustAt .         Harm     .     (no boots)
MR     .....                    (no amulet)
Stlth  ..........               (no ring)
                                (no ring)

@: mighty, not resistant to hostile enchantments, extremely unstealthy
A: negative energy resistance 1, electricity resistance, unbreathing,
petrification resistance, rot immunity, AC +3
a: no special abilities


You were on level 3 of the Dungeon.
You were not hungry.

You visited 1 branch of the dungeon, and saw 3 of its levels.

You collected 69 gold pieces.

Inventory:

Hand Weapons
 a - a +0 flail (weapon)
Armour
 b - a +0 scale mail (worn)
 c - a +0 shield (worn)
Jewellery
 k - an uncursed amulet of dismissal {unknown}
Scrolls
 i - a scroll of teleportation {unknown}
 l - a scroll of remove curse {unknown}
 m - a scroll of enchant armour {unknown}
Potions
 h - 2 potions of heal wounds {unknown}
 n - a potion of mutation {unknown}
 o - a potion of lignification {unknown}
 p - a potion of cure mutation {unknown}
Comestibles
 f - 2 bread rations
 g - 2 chunks of flesh
 j - 2 meat rations


   Skills:
 + Level 3.9 Fighting
 + Level 2.3 Maces & Flails
 + Level 3.5 Armour
 + Level 4.2 Shields


You had 2 spell levels left.
You didn't know any spells.

Dungeon Overview and Level Annotations

Branches:
Dungeon (3/15)

Altars:
Ru

Annotations:
D:3 Ijyb


Innate Abilities, Weirdness & Mutations

You are resistant to torment.
Your stone body is resilient (AC +3).
You are immune to poison.
You resist negative energy.
You are resistant to electric shocks.
You can survive without breathing.
You are immune to petrification.
You are immune to rotting.


Message History

The goblin hits you with an uncursed club.
* * * LOW HITPOINT WARNING * * *
Unknown command.
Unknown command.
You barely miss Ijyb.
Ijyb is almost dead.
You block the giant cockroach's attack.
Ijyb zaps a wand.
Nothing appears to happen.
The kobold hits you with a club.
* * * LOW HITPOINT WARNING * * *
The goblin hits you but does no damage. You block the giant cockroach's attack.
Unknown command.
Unknown command.
You closely miss Ijyb.
Ijyb is almost dead.
You block the giant cockroach's attack. Ijyb hits you but does no damage.
The kobold barely misses you. You block the goblin's attack.
The giant cockroach bites you.
* * * LOW HITPOINT WARNING * * *
Ijyb hits you with a club.
You die...

#### #..# #..###
###....###
##(...#...##
##..........####.#
#.................
#!.$†@g(((<.......
#...gKs...........
#...................
.........#.....####.
......#.....##...
....$..........#.#
.##............#.#
##............ .


You could see Ijyb, a giant cockroach, a goblin and a kobold.

Vanquished Creatures
  An adder (D:2)
  2 oozes
  3 worms (D:2)
  A dart slug (D:1)
  A giant gecko (D:1)
  2 bats (D:1)
  2 giant cockroaches (D:2)
  3 goblins
  2 hobgoblins
  3 kobolds
  A ball python (D:1)
  A giant newt (D:1)
  6 rats
28 creatures vanquished.

Notes
Turn   | Place    | Note
--------------------------------------------------------------
     0 | D:1      | protoss039 the Gargoyle Fighter began the quest for the Orb.
     0 | D:1      | Reached XP level 1. HP: 14/14 MP: 1/1
   194 | D:1      | Reached XP level 2. HP: 19/19 MP: 2/2
   470 | D:2      | Reached XP level 3. HP: 19/23 MP: 3/3
   656 | D:2      | Reached skill level 4 in Shields
   914 | D:2      | Found a sacrificial altar of Ru.
   986 | D:3      | Noticed Ijyb
  1012 | D:3      | HP: 1/24 [giant cockroach (2)]
  1012 | D:3      | Slain by Ijyb

Skill      XL: |  1  2  3 |
---------------+----------+-----
Shields        | 4 |  4.2
Fighting       | |  3.9
Maces & Flails | |  2.3
Armour         | |  3.5

Action                   || total
-------------------------++-------
Melee: Flail             ||   151
  Use: Potion            ||     2
  Eat: Chunk             ||     1
Armor: Scale mail        ||   106
Dodge: Dodged            ||    86
Block: Shield            ||   127
